 Dungeon Crawl Stone Soup version 0.21.1-1-g345015f (webtiles) character file.

8630 Lilu the Thaumaturge (level 11, -1/68 HPs)
             Began as a Deep Elf Conjurer on July 23, 2018.
             Was a Priest of Vehumet.
             Slain by a six-headed hydra (15 damage)
             ... on level 1 of the Lair of Beasts.
             The game lasted 01:53:17 (14430 turns).

Lilu the Thaumaturge (Deep Elf Conjurer)           Turns: 14430, Time: 01:53:19

Health: -1/68      AC:  5    Str:  7    XL:     11   Next: 12%
Magic:  35/43      EV: 13    Int: 22    God:    Vehumet [***...]
Gold:   649        SH:  0    Dex: 15    Spells: 17/33 levels left

rFire    x . .     SeeInvis .   Y - staff of power
rCold    + . .     Gourm    .   (no shield)
rNeg     . . .     Faith    .   w - +1 robe {MR+}
rPois    .         Spirit   .   (no helmet)
rElec    .         Reflect  .   V - scarf {cloud immunity}
rCorr    .         Harm     .   y - +0 pair of gloves
MR       ++...                  o - +0 pair of boots
Stlth    ++........             X - amulet of regeneration
HPRegen  0.61/turn              h - ring of ice
MPRegen  0.28/turn              (no ring)

@: no status effects
A: no striking features
a: Renounce Religion


You were on level 1 of the Lair of Beasts.
You worshipped Vehumet.
Vehumet was most pleased with you.
You were not hungry.

You visited 3 branches of the dungeon, and saw 11 of its levels.
You also visited: Sewer.

You collected 649 gold pieces.

Inventory:

Missiles
 k - 68 poisoned needles
 l - 68 sling bullets
 s - 5 javelins (quivered)
 C - 71 bolts
 H - 208 arrows
Armour
 o - a +0 pair of boots (worn)
 w - a +1 robe of magic resistance (worn)
 y - a +0 pair of gloves (worn)
 S - a +0 troll leather armour
 V - a scarf of cloud immunity (worn)
Magical Staves
 Y - an uncursed staff of power (weapon)
Jewellery
 g - an uncursed amulet of guardian spirit
 h - a ring of ice (left hand)
 X - an amulet of regeneration (around neck)
Wands
 a - a wand of enslavement (14)
 i - a wand of flame (20)
 K - a wand of acid (7)
Scrolls
 d - 2 scrolls of enchant weapon {unknown}
 f - 11 scrolls of identify
 m - 3 scrolls of fear {unknown}
 n - a scroll of noise {unknown}
 p - 5 scrolls of remove curse
 r - a scroll of vulnerability {unknown}
 t - a scroll of random uselessness {unknown}
 u - 3 scrolls of amnesia {unknown}
 x - a scroll of acquirement {unknown}
 z - 2 scrolls of teleportation {unknown}
 F - 2 scrolls of magic mapping {unknown}
 P - 4 scrolls of enchant armour {unknown}
 R - 2 scrolls of immolation {unknown}
 Z - a scroll of silence {unknown}
Potions
 e - a potion of agility {unknown}
 j - 3 potions of flight {unknown}
 q - 3 potions of heal wounds {unknown}
 A - a potion of brilliance {unknown}
 B - 2 potions of curing {unknown}
 D - 2 potions of degeneration {unknown}
 E - 2 potions of cancellation {unknown}
 I - a potion of experience {unknown}
 N - a potion of invisibility {unknown}
 O - 2 potions of ambrosia {unknown}
 U - a potion of lignification {unknown}
 W - 2 potions of mutation {unknown}
Books
 b - a book of Conjurations

   Spells                             Type                      Level
   a - Magic Dart                     Conjuration                  1
   b - Searing Ray                    Conjuration                  2
   c - Dazzling Spray                 Conjuration/Hexes            3
   d - Fulminant Prism                Conjuration/Hexes            4
   e - Force Lance                    Conjuration/Translocation    4
   f - Iskenderun's Mystic Blast      Conjuration                  4
 M - a book of Frost

   Spells                             Type                      Level
   a - Freeze                         Ice                          1
   b - Throw Frost                    Conjuration/Ice              2
   c - Ozocubu's Armour               Charms/Ice                   3
   d - Throw Icicle                   Conjuration/Ice              4
   e - Summon Ice Beast               Ice/Summoning                4
Miscellaneous
 T - a fan of gales
Comestibles
 c - 16 rations


   Skills:
 + Level 7.7 Fighting
   Level 0.1 Short Blades
 - Level 0.6 Staves
 - Level 2.4 Dodging
 - Level 2.4 Stealth
 - Level 11.7 Spellcasting
 - Level 10.0 Conjurations
 - Level 9.0 Fire Magic


You had 17 spell levels left.
You knew the following spells:

 Your Spells              Type           Power        Failure   Level  Hunger
a - Magic Dart            Conj           ####         1%          1    None
b - Searing Ray           Conj           ######       1%          2    None
c - Iskenderun's Mystic   Conj           ######..     1%          4    None
d - Flame Tongue          Conj/Fire      #####        1%          1    None
e - Freeze                Ice            ###.         1%          1    None
f - Static Discharge      Conj/Air       #####...     1%          3    None
g - Throw Icicle          Conj/Ice       ######..     1%          4    None


Dungeon Overview and Level Annotations

Branches:
Dungeon (9/15)             Temple (1/1) D:5            Lair (1/6) D:9
    Orc: D:9-12

Altars:
Ashenzari
Cheibriados
Dithmenos
Elyvilon
Fedhas
Gozag
Hepliaklqana
Kikubaaqudgha
Makhleb
Nemelex Xobeh
Okawaru
Qazlal
Ru
Sif Muna
Trog
Uskayaw
Vehumet
Wu Jian
Xom
Yredelemnul
Zin
The Shining One
Beogh

Shops:
D:5 !


Message History

The orb of energy explodes!
The mystic blast hits the six-headed hydra.
The six-headed hydra is severely wounded.
Casting: Iskenderun's Mystic Blast
Confirm with . or Enter, or press ? or * to list all spells.
Aiming: Iskenderun's Mystic Blast
Press: ? - help, Shift-Dir - straight line, f - six-headed hydra
Aim: a six-headed hydra (heavily wounded)
The orb of energy hits the six-headed hydra.
The six-headed hydra is almost dead.
The orb of energy explodes!
The six-headed hydra bites you.
The six-headed hydra closely misses you.
The six-headed hydra bites you. The six-headed hydra bites you!
* * * LOW HITPOINT WARNING * * *
The six-headed hydra closely misses you.
The six-headed hydra bites you.
* * * LOW HITPOINT WARNING * * *
There is a staircase back to the Dungeon here.
The six-headed hydra bites you!
You die...

###..........########...
#.#P..##....#########...
########.............##P##.P...
#..............................
#.........................)....
#.....................###.#...#
#......................####...#
#...........##D........# #.....
##.....#....##@.......#####...#
#....##....##P##.#P.###.##...#
#....#...######...............
##.......#### #.#####.##......
#.........#P####.# ####......
#######..........# #......
#########P## ######. ### ##


You could see a six-headed hydra.

Vanquished Creatures
  3 two-headed ogres
  Pikel (D:4)
  A cyclops (D:9)
  A komodo dragon (Lair:1)
  A troll (D:9)
  A hornet (D:9)
  A hippogriff (D:8)
  A basilisk (Lair:1)
  A steam dragon (D:8)
  4 porcupines (D:9)
  2 water moccasins (Lair:1)
  An orc warrior (D:4)
  2 sky beasts
  An ice beast (D:6)
  4 black bears (D:9)
  2 phantoms
  An ogre (D:7)
  A necrophage (D:7)
  2 wolves (D:9)
  5 centaurs
  3 crocodiles (D:9)
  2 big kobolds (Sewer)
  6 bullfrogs
  A water moccasin zombie (D:5)
  A scorpion (D:5)
  3 howler monkeys
  The ghost of dscm the Digger, a weakling OpEE (D:4)
  4 crimson imps
  4 hounds
  5 jellies
  A centaur skeleton (D:9)
  5 orc priests
  13 orc wizards
  3 iguanas
  6 worker ants
  A mummy (D:6)
  14 adders
  3 river rats
  A shadow imp (D:6)
  11 oozes
  6 worms
  2 dart slugs
  7 leopard geckos
  46 orcs
  8 ball pythons
  5 bats
  4 giant cockroaches
  5 hobgoblins
  18 jackals
  A quokka (D:9)
  A ball python skeleton (D:6)
  7 frilled lizards
  6 goblins
  12 kobolds
  2 kobold zombies (D:6)
  A leopard gecko zombie (D:5)
  A quokka zombie (D:8)
  13 rats
269 creatures vanquished.

Vanquished Creatures (others)
  An ooze (D:4)
  A fungus (D:9)
2 creatures vanquished.

Grand Total: 271 creatures vanquished

Notes
Turn   | Place    | Note
-------+----------+-------------------------------------------
     0 | D:1      | Lilu the Deep Elf Conjurer began the quest for the Orb.
     0 | D:1      | Reached XP level 1. HP: 10/10 MP: 6/6
   275 | D:1      | Reached XP level 2. HP: 15/15 MP: 5/8
   341 | D:1      | Reached skill level 5 in Conjurations
   914 | D:2      | Learned a level 2 spell: Searing Ray
  1015 | D:2      | Found an iron altar of Okawaru.
  1087 | D:2      | Reached XP level 3. HP: 19/19 MP: 7/9
  1612 | D:3      | Noticed an orc warrior
  2438 | D:3      | Reached XP level 4. HP: 24/24 MP: 4/10
  2593 | D:3      | Learned a level 4 spell: Iskenderun's Mystic Blast
  2873 | D:3      | Reached XP level 5. HP: 28/28 MP: 7/11
  3202 | D:4      | Found a deep blue altar of Sif Muna.
  3280 | D:4      | Found a glowing drain.
  3470 | Sewer    | Entered a sewer
  3880 | Sewer    | Reached XP level 6. HP: 36/36 MP: 7/12
  4669 | D:4      | Noticed dscm's ghost (weakling OpEE)
  4853 | D:4      | Reached skill level 4 in Spellcasting
  4866 | D:4      | Killed dscm's ghost
  5124 | D:4      | Reached XP level 7. HP: 42/42 MP: 10/15
  5352 | D:4      | Noticed Pikel
  5486 | D:4      | Killed Pikel
  5486 | D:4      | Reached skill level 8 in Spellcasting
  5845 | D:5      | Entered Level 5 of the Dungeon
  5911 | D:5      | Found Meriyng's Distillery.
  5943 | D:5      | Reached XP level 8. HP: 42/48 MP: 4/22
  6439 | D:5      | Reached skill level 5 in Fighting
  6866 | D:5      | Found a staircase to the Ecumenical Temple.
  6904 | Temple   | Entered the Ecumenical Temple
  6976 | Temple   | Became a worshipper of Vehumet
  7165 | D:5      | Found an ancient bone altar of Kikubaaqudgha.
  7490 | D:5      | Found a runed door.
  7980 | D:5      | Reached * piety under Vehumet
  7980 | D:5      | Offered knowledge of Flame Tongue by Vehumet.
  7983 | D:5      | Learned a level 1 spell: Flame Tongue
  8318 | D:5      | Found a roughly hewn altar of Beogh.
  8395 | D:5      | Reached skill level 1 in Fire Magic
  8796 | D:6      | Reached XP level 9. HP: 55/56 MP: 5/23
 10178 | D:7      | Offered knowledge of Freeze by Vehumet.
 10180 | D:7      | Reached ** piety under Vehumet
 10186 | D:7      | Learned a level 1 spell: Freeze
 10302 | D:7      | Reached skill level 5 in Fire Magic
 10797 | D:8      | Noticed a two-headed ogre
 10803 | D:8      | Killed a two-headed ogre
 11320 | D:8      | Found a shimmering altar of Xom.
 11329 | D:8      | Reached XP level 10. HP: 63/63 MP: 24/24
 11484 | D:8      | Offered knowledge of Static Discharge by Vehumet.
 11550 | D:8      | Noticed a two-headed ogre
 11557 | D:8      | Killed a two-headed ogre
 11557 | D:8      | Reached skill level 9 in Spellcasting
 11928 | D:8      | Learned a level 3 spell: Static Discharge
 11957 | D:9      | Found a staircase to the Lair.
 12023 | D:9      | Noticed a two-headed ogre
 12186 | D:9      | Noticed a cyclops
 12198 | D:9      | Killed a cyclops
 12198 | D:9      | Reached skill level 10 in Spellcasting
 12531 | D:9      | Reached *** piety under Vehumet
 12537 | D:9      | Learned a level 4 spell: Throw Icicle
 12832 | D:9      | Reached skill level 11 in Spellcasting
 13219 | D:9      | Offered knowledge of Olgreb's Toxic Radiance by Vehumet.
 13346 | D:9      | Killed a two-headed ogre
 13346 | D:9      | Reached skill level 10 in Conjurations
 13732 | D:9      | Reached XP level 11. HP: 67/67 MP: 28/28
 13884 | Lair:1   | Entered Level 1 of the Lair of Beasts
 14360 | Lair:1   | Noticed a six-headed hydra
 14430 | Lair:1   | Slain by a six-headed hydra

Skill      XL: |  1  2  3  4  5  6  7  8  9 10 |
---------------+-------------------------------+-----
Conjurations   | 5 6 7 10 | 10.0
Fighting       | 2 3 4 6 7 |  7.7
Spellcasting   | 4 8 11 | 11.7
Fire Magic     | 1 8 9 |  9.0
Short Blades   | |  0.1
Staves         | |  0.6
Dodging        | |  2.4
Stealth        | |  2.4

Action                   |  1- 3 |  4- 6 |  7- 9 | 10-12 || total
-------------------------+-------+-------+-------+-------++-------
Melee: Mace              |       |     5 |       |       ||     5
       Short sword       |       |    20 |    38 |       ||    58
       Staff             |       |       |    21 |     6 ||    27
 Cast: Magic Dart        |    93 |    59 |    98 |    31 ||   281
       Searing Ray       |     4 |    20 |    14 |     7 ||    45
       Iskenderun's Myst |       |     8 |    93 |    90 ||   191
       Flame Tongue      |       |       |    17 |     4 ||    21
       Freeze            |       |       |     2 |    15 ||    17
       Throw Icicle      |       |       |       |    19 ||    19
       Static Discharge  |       |       |       |     2 ||     2
  Use: Scroll            |       |       |     2 |       ||     2
  Eat: Chunk             |     5 |     6 |    13 |     3 ||    27
       Ration            |       |     2 |     3 |     3 ||     8
Armor: Robe              |     5 |     4 |    25 |    17 ||    51
Dodge: Dodged            |    21 |    34 |    66 |    61 ||   182
